Mourne, chaotic male human Priest ----- |..<| |...| |...| |...| ------ |...| |`.... --------+- --|-- .`...... .........| ## |.|.......##%## # ......[..| # ## |........| ##B-----.- |........| #@[....| |........| |.....| ....-.---- |.....| |..)..| |.>...| ------- Mourne the Adept Experience level: 6 Strength: 13 Dexterity: 12 Constitution: 15 Intelligence: 12 Wisdom: 16 Charisma: 8 Health: 0(50) Energy: 12(66) Def: 18 Gold: 1287 Moves: 2126 Dungeon seed: qyezBPvqxbafssTW Game ID: Mourne_1520732264 Your Inventory: Coins $ - 1287 gold pieces Weapons a - a blessed +1 mace (weapon in hand) x - 11 uncursed +1 darts Armor e - an uncursed +0 robe (being worn) n - an uncursed +0 small shield (being worn) q - an uncursed +0 cloak of magic resistance r - an uncursed +0 orcish helm N - a blessed +1 pair of iron shoes (being worn) Comestibles c - an uncursed clove of garlic d - 2 uncursed sprigs of wolfsbane B - 2 uncursed fortune cookies D - an uncursed food ration Scrolls s - a cursed scroll of enchant weapon t - an uncursed scroll of identify u - an uncursed scroll of enchant weapon z - a cursed scroll of taming E - an uncursed scroll of gold detection F - an uncursed scroll of genocide Potions b - 4 potions of holy water m - 2 uncursed potions of confusion p - an uncursed potion of restore ability v - an uncursed potion of levitation w - an uncursed potion of healing A - an uncursed potion of invisibility G - an uncursed potion of paralysis Rings y - a blessed +1 ring of increase damage Wands j - an uncursed wand of light (0:11) C - an uncursed wand of speed monster (0:6) Tools h - an uncursed oil lamp (0:1431) k - an uncursed tin opener Spells and supernatural/magical abilities: Spells marked with '!' are maintained. Name Level Category Fail Memory h - healing 1 healing 0% 99% p - protection 1 ! clerical 0% 99% B - cure blindness 2 healing 37% 99% W - pray for help -- divine ? -- X - turn undead -- divine ? -- Your skills at the end: Fighting Skills wands [Basic] Weapon Skills mace [Skilled] Spellcasting Skills clerical spells [Basic] Final Attributes: You were visible. You aggravated monsters. You were protected. You are dead. Vanquished creatures: a small mimic a giant beetle 3 winter wolf cubs 6 Uruk-hai a rock piercer a straw golem a kitten 15 hill orcs 5 rothes a centipede a werejackal an acid blob a manes 3 giant rats 3 geckos 8 jackals a fox a kobold 2 goblins 2 sewer rats 2 bats a lichen 6 newts 67 creatures vanquished. Voluntary challenges: You were an atheist. You used a wielded weapon 130 times, starting on turn 44. You read items or engraved 7 times, starting on turn 1127. You never genocided any monsters. You never polymorphed an object. You never changed form. You used no wishes. You never split a pudding. You never wrote Elbereth's name. You violated your moral code, losing 35 points of alignment, starting on turn 1107. Dungeon overview: The Dungeons of Doom: levels 1 to 9 Level 1 a vault a long staircase Level 2 some fountains Level 3 an altar to Shan Lai Ching, a fountain, a vault Level 4 a long staircase Level 5 some fountains Level 6 a potion shop, some sinks Level 7 a vault Level 8 a vault Level 9 <- You were here History has recorded: On T:1 you entered the Dungeons of Doom to retrieve the Amulet of Yendor! On T:233 you reached level 2 of The Dungeons of Doom. On T:501 you reached level 3 of The Dungeons of Doom. On T:653 you reached level 4 of The Dungeons of Doom. On T:851 you reached level 5 of The Dungeons of Doom. On T:942 you advanced to experience level 2. On T:1061 you reached level 6 of The Dungeons of Doom. On T:1107 you advanced to experience level 3. On T:1187 you advanced to experience level 4. On T:1289 you advanced to experience level 5. On T:1444 you reached level 7 of The Dungeons of Doom. On T:1596 you advanced to experience level 6. On T:1763 you reached level 8 of The Dungeons of Doom. On T:1979 you reached level 9 of The Dungeons of Doom. Score breakdown: Gold: 1287 (10578 points) Experience: 6 levels (12456 points) Exploration: 9 levels ( 19.57%) (12649 points) Discoveries: 4 items ( 1.33%) ( 3464 points) Valuables value: (no points given unless you survive) Artifact value: 0 ( 0 points) Variety of kills: 23 monsters ( 6.05%) ( 7380 points) Turncount: 2126 turns ( -91 points) Survival: died (score multiplied by 80%) Total score: 37148 Latest messages: The vampire bat misses. The vampire bat bites! You hit the vampire bat! The vampire bat misses. The vampire bat just misses! You hit the vampire bat! The vampire bat bites! The vampire bat misses. The vampire bat bites! The vampire bat misses. You feel better. The vampire bat bites! The vampire bat misses. (2x) The vampire bat bites! The vampire bat's bite was poisoned! The vampire bat misses. The vampire bat bites! (3x) The vampire bat's bite was poisoned! You die... For some reason, you think that you can almost hear the Wizard laugh manically... Final status: Goodbye Mourne the Priest, poisoned by a vampire bat... You died in The Dungeons of Doom on dungeon level 9 with 37148 points, and 1287 pieces of gold, after 2126 moves. You were level 6 with a maximum of 50 hit points when you died.